AoeStats
← chadengienjoyer

Arabia

510259169Analyzed
4v4 RM · 11h ago on Sep 30, 2026· 103m 4s· 8 players
Game mode
Random Map
Map size
Large (8 player)
Population
200
Speed
Normal
Resources
Standard
Victory
Conquest
Starting age
Dark Age
Ending age
Imperial Age
RankedLock teamsTeams togetherTeam positionsShared explorationLock speedFull tech treeHidden civsTurbo modeCheats
Victory
Defeat
🇦🇷 Cumans · Argentina
826
+12
🇨🇳 Britons · China
796
+13
🇨🇳 Goths · China
769
+14
🇦🇺 Saracens · Australia
713
+16
🇮🇳 Huns · India
747
-15
🇺🇸 Celts · United States
741
-14
🇨🇳 Franks · China
719
-13
712
-13
jacklaughlinstudios
2:29 Loom
12:08 Feudal Age
16:00 Horse Collar
16:27 Double-Bit Axe
16:50 Stone Mining
21:03 Castle Age
20:37 Wheelbarrow
23:00 Bow Saw
27:39 Pikeman
32:51 Heavy Plow
35:02 Forging
34:54 Scale Mail Armor
35:36 Hand Cart
35:37 Gambesons
35:14 Man-at-Arms
35:42 Arson
36:38 Stronghold
36:48 Town Watch
40:27 Imperial Age
38:09 Town Patrol
38:56 Iron Casting
38:52 Chain Mail Armor
38:34 Fletching
41:55 Conscription
41:49 Elite Woad Raider
44:16 Blast Furnace
43:47 Plate Mail Armor
48:38 Bodkin Arrow
48:33 Halberdier
77:22 Caravan
91:30 Capped Ram
97:22 Siege Ram
打死你们这些外国人
1:00 Loom
15:04 Feudal Age
16:21 Horse Collar
16:32 Double-Bit Axe
17:24 Wheelbarrow
17:33 Stone Mining
22:39 Town Watch
26:21 Castle Age
26:14 Gold Mining
27:02 Fletching
27:13 Padded Archer Armor
27:34 Hand Cart
27:50 Bow Saw
28:40 Gold Shaft Mining
29:31 Caravan
30:24 Bodkin Arrow
30:45 Leather Archer Armor
32:52 Silk Armor
33:48 Husbandry
33:59 Bloodlines
35:08 Heavy Plow
36:26 Forging
36:22 Scale Barding Armor
39:08 Imperial Age
39:10 Heavy Cavalry Archer
40:05 Bracer
40:50 Ring Archer Armor
41:29 Conscription
42:07 Crop Rotation
48:35 Elite Keshik
52:17 Chain Barding Armor
52:33 Iron Casting
53:47 Plate Barding Armor
55:58 Blast Furnace
60:56 Timurid Siegecraft
kh
1:30 Loom
13:08 Feudal Age
13:37 Double-Bit Axe
13:44 Gold Mining
15:05 Wheelbarrow
28:27 Scale Barding Armor
28:33 Forging
47:23 Castle Age
48:15 Caravan
51:46 Hand Cart
54:10 Bow Saw
60:44 Imperial Age
64:53 Husbandry
64:14 Cavalier
66:17 Conscription
66:36 Paladin
69:00 Chain Barding Armor
69:16 Iron Casting
71:01 Chemistry
70:26 Ballistics
73:26 Plate Barding Armor
91:37 Arrowslits
99:46 Blast Furnace
chadengienjoyer
5:20 Loom
11:21 Feudal Age
13:35 Double-Bit Axe
20:13 Castle Age
22:42 Fletching
25:07 Bodkin Arrow
33:24 Wheelbarrow
33:21 Padded Archer Armor
36:24 Imperial Age
35:28 Husbandry
35:49 Leather Archer Armor
36:16 Bloodlines
36:32 Cavalier
39:11 Parthian Tactics
38:45 Horse Collar
40:27 Scale Mail Armor
41:26 Forging
43:16 Bracer
43:54 Iron Casting
43:50 Marauders
44:39 Paladin
45:41 Heavy Plow
46:32 Chain Mail Armor
49:32 Blast Furnace
51:17 Elite Skirmisher
56:13 Bracer
65:13 Light Cavalry
68:15 Scale Barding Armor
69:01 Hand Cart
69:21 Caravan
83:17 Hussar
85:52 Chain Barding Armor
_132_Ñandu_Arg
5:30 Loom
13:32 Feudal Age
17:46 Castle Age
16:57 Wheelbarrow
18:04 Bloodlines
19:35 Double-Bit Axe
29:13 Scale Barding Armor
29:52 Forging
32:02 Chain Barding Armor
32:33 Capped Ram
33:41 Bow Saw
35:06 Hand Cart
35:51 Horse Collar
39:36 Imperial Age
37:30 Heavy Plow
38:31 Steppe Husbandry
40:55 Plate Barding Armor
40:56 Iron Casting
39:44 Elite Steppe Lancer
41:20 Scale Mail Armor
41:22 Stone Mining
41:24 Gold Mining
42:21 Light Cavalry
43:00 Town Watch
44:16 Blast Furnace
43:07 Fletching
42:53 Pikeman
43:33 Squires
43:19 Arson
44:07 Crop Rotation
44:15 Conscription
47:28 Bodkin Arrow
47:49 Chain Mail Armor
48:54 Elite Skirmisher
51:39 Town Patrol
54:35 Two-Man Saw
57:07 Hussar
59:35 Coinage
59:05 Caravan
58:34 Halberdier
60:50 Elite Kipchak
70:08 Banking
81:14 Padded Archer Armor
81:45 Plate Mail Armor
81:16 Man-at-Arms
91:24 Leather Archer Armor
92:50 Gold Shaft Mining
92:48 Ring Archer Armor
99:58 Chemistry
99:19 Ballistics
梦寐一秋.
9:51 Feudal Age
14:28 Double-Bit Axe
16:46 Castle Age
17:41 Horse Collar
18:15 Bow Saw
26:00 Gold Mining
27:33 Gold Shaft Mining
31:42 Imperial Age
29:52 Fletching
30:03 Padded Archer Armor
30:49 Caravan
30:39 Crossbowman
32:30 Arbalester
33:17 Bodkin Arrow
33:37 Leather Archer Armor
34:22 Bracer
37:14 Ring Archer Armor
39:15 Two-Man Saw
39:51 Chemistry
39:11 Ballistics
39:45 Yeomen
42:18 Conscription
43:16 Elite Longbowman
43:57 Warwolf
58:29 Forging
58:20 Scale Mail Armor
60:19 Pikeman
61:00 Squires
60:45 Arson
61:06 Halberdier
62:36 Iron Casting
62:16 Chain Mail Armor
94:48 Loom
BlueTree1s
8:07 Loom
10:51 Feudal Age
11:43 Double-Bit Axe
15:46 Fletching
21:57 Castle Age
23:17 Crossbowman
24:24 Thumb Ring
25:44 Bow Saw
28:09 Wheelbarrow
31:31 Hand Cart
37:41 Imperial Age
38:51 Padded Archer Armor
38:47 Bodkin Arrow
38:53 Scale Mail Armor
38:58 Scale Barding Armor
40:32 Arbalester
44:23 Leather Archer Armor
45:32 Capped Ram
47:04 Siphons
48:00 Chemistry
47:21 Ballistics
47:06 Elite Skirmisher
48:16 Elite Mameluke
49:16 Husbandry
49:11 Heavy Camel Rider
50:33 Chain Mail Armor
50:38 Chain Barding Armor
50:49 Ring Archer Armor
50:19 Bracer
54:05 Two-Man Saw
77:15 Plate Barding Armor
77:11 Plate Mail Armor
86:08 Bracer
86:39 Plate Mail Armor
86:20 Forging
96:08 Counterweights
96:12 Pikeman
96:53 Squires
欧皇
0:51 Loom
12:19 Feudal Age
52:48 Horse Collar
55:16 Castle Age
56:23 Gold Mining
60:19 Double-Bit Axe
61:43 Bow Saw
73:00 Wheelbarrow
80:25 Imperial Age
78:09 Town Watch
83:23 Chemistry
82:05 Treadmill Crane
83:47 Heavy Scorpion
88:33 Caravan
92:27 Two-Man Saw
94:39 Fletching
99:29 Masonry
101:49 Bodkin Arrow
Connection lost

Rejoining the realm…

Still unreachable

The connection could not be restored.

Session expired

The server has moved on; the page needs a fresh start.